 Dungeon Crawl Stone Soup version 0.23-a0-844-gdc03e01 (console) character file.

51 bli the Slasher (level 3, -9/29 HPs)
             Began as a Merfolk Monk on Jan 26, 2019.
             Mangled by a worm (11 damage)
             ... on level 2 of the Dungeon.
             The game lasted 00:04:30 (1322 turns).

bli the Slasher (Merfolk Monk)                      Turns: 1322, Time: 00:04:31

Health: -9/29      AC:  2    Str: 11    XL:     3   Next: 81%
Magic:  3/3        EV: 14    Int:  9    God:
Gold:   120        SH:  0    Dex: 17    Spells: 2/2 levels left

rFire    . . .     SeeInvis .   a - +0 falchion
rCold    . . .     Gourm    .   (no shield)
rNeg     . . .     Faith    .   b - +0 robe
rPois    .         Spirit   .   (no helmet)
rElec    .         Reflect  .   (no cloak)
rCorr    .         Harm     .   (no gloves)
MR       .....     Rnd*Tele +   (no boots)
Stlth    ++........             h - amulet of inaccuracy (curse)
HPRegen  0.09/turn              g - ring of teleportation (curse)
MPRegen  0.08/turn              (no ring)

@: no status effects
A: change form in water, swift swim, stealthy swim
a: no special abilities


You were on level 2 of the Dungeon.
You were not hungry.

You visited 1 branch of the dungeon, and saw 2 of its levels.

You collected 120 gold pieces.

Inventory:

Hand Weapons
 a - a +0 falchion (weapon)
Armour
 b - a +0 robe (worn)
Jewellery
 g - a cursed ring of teleportation (left hand)
 h - a cursed amulet of inaccuracy (around neck)
Scrolls
 f - a scroll of enchant weapon {unknown}
 j - a scroll of identify
Potions
 e - 2 potions of invisibility {unknown}
 i - a potion of flight {unknown}
Comestibles
 c - 4 rations
 d - 6 chunks of flesh


   Skills:
 + Level 3.3 Fighting
 + Level 5.0 Long Blades
 * Level 4.0 Dodging
 + Level 2.1 Stealth


You had 2 spell levels left.
You didn't know any spells.
Your spell library was empty.

Dungeon Overview and Level Annotations

Branches:
Dungeon (2/15)

Altars:


Message History

d - 7 chunks of flesh (gained 1)
You see here a rat skeleton.
You are feeling hungry.
Eating one of 7 chunks of flesh.
You eat one of the 7 chunks of flesh.
This raw flesh tastes terrible.
A worm comes into view.
Found a scroll of identify.
You see here a glowing ruby potion.
i - a glowing ruby potion You see here a scroll of identify.
j - a scroll of identify You slash the worm!
The worm is heavily wounded.
The worm bites you!
* * * LOW HITPOINT WARNING * * *
You hit the worm.
The worm is heavily wounded.
You hit the worm.
The worm is severely wounded.
The worm bites you!
You die...

#...#.#.#...#
#.#.#.#.###.#
..........#.#
.##....#.#.#
#+##....#...#
.....>.รท#####.#
.<.....)......#
.........######
#.............#
##.......####.#
#.......# #@#
#.......# #w#
#.......# #.#
#.......# #.#
#.......# #.#
....... #.# #.#
#.#


You could see a worm.

Vanquished Creatures
  An ooze (D:2)
  A dart slug (D:2)
  A leopard gecko (D:2)
  A giant cockroach (D:2)
  9 goblins
  4 hobgoblins (D:1)
  4 jackals (D:2)
  5 kobolds (D:2)
  7 bats
  6 rats
39 creatures vanquished.

Notes
Turn   | Place    | Note
-------+----------+-------------------------------------------
     0 | D:1      | bli the Merfolk Monk began the quest for the Orb.
     0 | D:1      | Reached XP level 1. HP: 18/18 MP: 1/1
   255 | D:1      | Reached XP level 2. HP: 21/24 MP: 2/2
   262 | D:1      | Reached skill level 4 in Long Blades
   804 | D:2      | Reached XP level 3. HP: 9/29 MP: 3/3
  1247 | D:2      | Reached skill level 5 in Long Blades
  1322 | D:2      | Mangled by a worm

Vault maps used:
D:1:      psy_arrival_conway
D:2:      grunt_temple_overflow_open, first_ration, minmay_pentomino_x2

Skill      XL: |  1  2  3 |
---------------+----------+-----
Long Blades    | 4 5 |  5.0
Fighting       | |  3.3
Dodging        | |  4.0
Stealth        | |  2.1

Action                   || total
-------------------------++-------
Melee: Falchion          ||   124
  Use: Scroll            ||     4
 Stab: Sleeping          ||     3
  Eat: Chunk             ||     2
Armor: Robe              ||    29
Dodge: Dodged            ||   100
       Rpst.: Falchion   ||    32

Table legend:
 A = Non-vault XP
 B = Vault XP
 C = Vault XP percentage of total XP
 D = Non-vault monster count
 E = Vault monster count
 F = Vault count percentage of total count
                 A         B        C        D         E       F
            +---------+---------+-------+---------+---------+-------
      Total |      73 |       0 |   0.0 |      39 |       0 |   0.0
            +---------+---------+-------+---------+---------+-------
        D:1 |      26 |       0 |   0.0 |      15 |       0 |   0.0
        D:2 |      47 |       0 |   0.0 |      24 |       0 |   0.0
            +---------+---------+-------+---------+---------+-------
